 Dungeon Crawl Stone Soup version 0.21-a0-414-gba8bdf1 (webtiles) character file.

35 karf the Skirmisher (level 3, 0/30 HPs)
             Began as a Formicid Abyssal Knight on Nov 2, 2017.
             Was a Follower of Lugonu.
             Slain by a jackal (2 damage)
             ... on level 1 of the Dungeon.
             The game lasted 00:03:49 (1063 turns).

karf the Skirmisher (Formicid Abyssal Knight)       Turns: 1063, Time: 00:03:50

Health: 0/30       AC:  3    Str: 17    XL:     3   Next: 52%
Magic:  5/5        EV: 10    Int: 11    God:    Lugonu [*.....]
Gold:   37         SH:  3    Dex: 10    Spells: 2/2 levels left

rFire    . . .     SeeInvis +   a - +1 mace
rCold    . . .     Gourm    .   h - +0 buckler
rNeg     . . .     Faith    .   b - +0 leather armour
rPois    .         Spirit   .   (helmet unavailable)
rElec    .         Reflect  .   (no cloak)
rCorr    .         Harm     .   (no gloves)
MR       .....                  (no boots)
Stlth    +.........             (no amulet)
HPRegen  0.10/turn              (no ring)
MPRegen  0.09/turn              (no ring)

@: lethally poisoned (0 -> -2)
A: permanent stasis, dig shafts and tunnels, four strong arms, antennae 3
a: Dig, Shaft Self, Depart the Abyss, Renounce Religion


You were on level 1 of the Dungeon.
You worshipped Lugonu.
Lugonu was aware of your devotion.
You were hungry.

You visited 1 branch of the dungeon, and saw 2 of its levels.
You visited the Abyss 1 time.

You collected 37 gold pieces.

Inventory:

Hand Weapons
 a - a +1 mace (weapon)
Armour
 b - a +0 leather armour (worn)
 h - a +0 buckler (worn)
 i - a +0 plate armour
Scrolls
 d - a scroll of remove curse {unknown}
 e - 2 scrolls of enchant armour {unknown}
 f - a scroll of identify {unknown}
Comestibles
 c - 2 bread rations
 g - a meat ration


   Skills:
 + Level 3.6 Fighting
 * Level 2.9 Maces & Flails
 - Level 2.1 Armour
 - Level 0.8 Dodging
 * Level 0.4 Shields
 + Level 2.8 Invocations


You had 2 spell levels left.
You didn't know any spells.

Dungeon Overview and Level Annotations

Branches:
Dungeon (2/15)

Altars:


Innate Abilities, Weirdness & Mutations

You cannot be hasted, slowed, berserked, paralysed or teleported.
You can dig through walls and to a lower floor.
Your four strong arms can wield two-handed weapons with a shield.
You have a pair of large antennae on your head. (SInv)


Message History

The jackal bites you. The adder bites you.
You are poisoned.
The adder poisons you!
The gnoll moves out of view.
The jackal closely misses you.
A goblin and a kobold come into view.
You feel sick. The adder bites you. The jackal barely misses you.
The goblin moves out of view.
You climb upwards.
There is a stone staircase leading down here.
Your shield prevents you from hitting the adder.
The adder bites you. The jackal bites you. The adder closely misses you.
The jackal barely misses you.
You barely miss the adder.
You feel sick. The adder bites you.
* * * LOW HITPOINT WARNING * * *
The jackal bites you.
* * * LOW HITPOINT WARNING * * *
The adder bites you.
* * * LOW HITPOINT WARNING * * *
The jackal bites you.
You die...

##.# #..........# ##.#
#..........#
##.####..........#
##.##............#
##...............#
#####............#
####)#...........#
≈≈##...........S.#
≈≈≈#............@# ####
♣♣♣#.#.#########h#########
#... ...'.#...#
#....[....# #.##
♣♣♣#####.# #########.#
#.#. ≈≈≈# #...# #.# #.#.
≈≈## #.### #.#####.#. ###
#.# #.......## ..## #.#
######### ...# #.#


You could see an adder and a jackal.

Vanquished Creatures
  A shadow imp (Abyss:1)
  2 oozes (D:1)
  A giant cockroach (D:1)
  2 goblins (D:1)
  3 hobgoblins (D:1)
  A jackal (D:1)
  A ball python (D:1)
  2 bats (D:1)
  2 frilled lizards (D:1)
  A kobold (D:1)
  5 rats (D:1)
21 creatures vanquished.

Notes
Turn   | Place    | Note
-------+----------+-------------------------------------------
     0 | Abyss:1  | karf the Formicid Abyssal Knight began the quest for the Orb.
     0 | Abyss:1  | Reached XP level 1. HP: 18/18 MP: 2/2
    65 | Abyss:1  | Reached XP level 2. HP: 12/24 MP: 3/3
   100 | Abyss:1  | Noticed a frost giant skeleton
   194 | Abyss:1  | Noticed a raiju
   195 | Abyss:1  | Noticed a small abomination
   195 | Abyss:1  | Noticed a raiju
   195 | D:1      | Escaped the Abyss
   327 | D:1      | Reached * piety under Lugonu
   567 | D:1      | Reached XP level 3. HP: 27/29 MP: 4/4
  1063 | D:1      | Slain by a jackal

Vault maps used:
D:1:      saegor_arrival_simple_d
D:2:      serial_forest, infiniplex_forest_straight_2,
          infiniplex_forest_straight_2, infiniplex_forest_lined_room_,
          infiniplex_forest_straight_1, infiniplex_forest_straight_4,
          infiniplex_forest_end_2, infiniplex_forest_lined_room_2
Abyss:1:  hangedman_relentless_pull

Action                   || total
-------------------------++-------
Melee: Mace              ||    74
Invok: Depart the Abyss  ||     1
Armor: Leather armour    ||    22
Dodge: Dodged            ||    64
Block: Buckler           ||     1

Table legend:
 A = Spawn XP
 B = Non-spawn XP
 C = Spawn XP percentage of total XP
 D = Spawn monster count
 E = Non-spawn monster count
 F = Spawn count percentage of total count
 G = Total turns spent on level
                    A         B        C        D         E        F      G
               +---------+---------+-------+---------+---------+-------+---------
         Total |       0 |      50 |   0.0 |       0 |      21 |   0.0 |  1063
               +---------+---------+-------+---------+---------+-------+---------
           D:1 |       0 |      39 |   0.0 |       0 |      20 |   0.0 |   863
       Abyss:1 |       0 |      11 |   0.0 |       0 |       1 |   0.0 |   195
               +---------+---------+-------+---------+---------+-------+---------
